 Dungeon Crawl Stone Soup version 0.22-a0-565-gfc6459a (webtiles) character file.

196 kae the Insei (level 5, -3/38 HPs)
             Began as a Demonspawn Transmuter on June 28, 2018.
             Slain by an ogre
             ... wielding a +0 giant club
              (17 damage)
             ... on level 4 of the Dungeon.
             The game lasted 00:03:06 (2971 turns).

kae the Insei (Demonspawn Transmuter)               Turns: 2971, Time: 00:03:08

Health: -3/38      AC:  7    Str: 10    XL:     5   Next: 45%
Magic:  0/9        EV: 11    Int: 15    God:
Gold:   91         SH:  4    Dex: 14    Spells: 3/9 levels left

rFire    . . .     SeeInvis .   l - +3 hand axe (flame)
rCold    . . .     Gourm    .   g - +0 buckler
rNeg     . . .     Faith    .   r - +3 leather armour
rPois    .         Spirit   +   v - +0 helmet
rElec    .         Reflect  .   (no cloak)
rCorr    .         Harm     .   (no gloves)
MR       .....                  (no boots)
Stlth    ..........             (no amulet)
HPRegen  0.12/turn              c - ring of loudness
MPRegen  0.11/turn              (no ring)

@: no status effects
A: powered by death 2, magic shield
a: no special abilities


You were on level 4 of the Dungeon.
You were not hungry.

You visited 1 branch of the dungeon, and saw 4 of its levels.

You collected 91 gold pieces.

Inventory:

Hand Weapons
 l - a +3 hand axe of flaming (weapon)
Missiles
 a - 44 arrows
Armour
 g - a +0 buckler (worn)
 r - a +3 leather armour (worn)
 v - a +0 helmet (worn)
Jewellery
 c - a ring of loudness (left hand)
Scrolls
 j - a scroll of teleportation
 n - 4 scrolls of remove curse
Potions
 e - a potion of magic
 f - a potion of heal wounds
 h - a potion of ambrosia {unknown}
 k - 2 potions of degeneration {unknown}
 s - a potion of might {unknown}
 t - a potion of haste {unknown}
Comestibles
 b - a chunk of flesh
 d - 4 rations


   Skills:
 + Level 2.1 Fighting
 - Level 1.7 Dodging
 + Level 1.3 Shields
 * Level 3.8 Unarmed Combat
 + Level 2.6 Spellcasting
 * Level 3.1 Transmutations


You had 3 spell levels left.
You knew the following spells:

 Your Spells              Type           Power        Failure   Level  Hunger
a - Beastly Appendage     Tmut           ##....       11%         1    #......
b - Sticks to Snakes      Tmut           ##......     16%         2    ##.....
c - Spider Form           Tmut/Pois      #.........   52%         3    ###....

Your spell library contained the following spells:

 Spells                   Type           Power        Failure   Level  Hunger
 Blade Hands              Tmut           ##........   96%         5    ######.
 Ice Form                 Ice/Tmut       #.......     90%         4    #####..


Dungeon Overview and Level Annotations

Branches:
Dungeon (4/15)
 Temple: D:4-7

Altars:
Dithmenos
Elyvilon


Innate Abilities, Weirdness & Mutations

You regenerate health from kills.
When hurt, damage is shared between your health and your magic reserves.


Message History

You are too injured to fight recklessly!
You are too injured to fight recklessly!
You are too injured to fight recklessly!
You hit the ogre. You burn the ogre.
The ogre is moderately wounded.
The ogre completely misses you.
You hit the ogre. You burn the ogre.
The ogre is heavily wounded.
A quokka skeleton comes into view.
The ogre hits you with a giant club!
You hit the ogre. You burn the ogre.
The ogre is severely wounded.
The ogre barely misses you.
You hit the ogre. You burn the ogre.
The ogre is severely wounded.
The ogre barely misses you.
You barely miss the ogre.
The ogre is severely wounded.
The ogre hits you with a giant club!!
You die...

.. #.. ## #?##.. ..#
#..... #.# # ..... #.#
.# .... #.###.# #.Z
#...... .####.O####
##...## .......@..#
##§....##
........#.######§§§.§§§#
.####.........#§§§§..§§§
##.........§§§..§§§§
###.####....§§_§§.§ #.#
#.§..§...§.. #.#
###§§.§...§§ #.#
##.§§§§§§# #. #§§§§§##


You could see an ogre and a quokka skeleton.

Vanquished Creatures
  A centaur skeleton (D:4)
  A hound (D:3)
  4 adders (D:2)
  An ooze (D:1)
  A worm (D:2)
  A dart slug (D:1)
  6 leopard geckos
  8 orcs (D:3)
  2 giant cockroaches
  11 hobgoblins
  6 jackals
  2 ball pythons
  5 bats
  2 frilled lizards (D:1)
  4 goblins
  7 kobolds
  8 rats
70 creatures vanquished.

Vanquished Creatures (collateral kills)
  2 worms (D:2)
  A hobgoblin (D:2)
  A rat (D:2)
4 creatures vanquished.

Vanquished Creatures (others)
  5 toadstools (D:1)
5 creatures vanquished.

Grand Total: 79 creatures vanquished

Notes
Turn   | Place    | Note
-------+----------+-------------------------------------------
     0 | D:1      | kae the Demonspawn Transmuter began the quest for the Orb.
     0 | D:1      | Reached XP level 1. HP: 15/15 MP: 3/3
   786 | D:1      | Gained mutation: You regenerate a little health from kills. [demonic ancestry]
   786 | D:1      | Reached XP level 2. HP: 17/21 MP: 3/5
   790 | D:1      | Learned a level 2 spell: Sticks to Snakes
  1346 | D:1      | Gained mutation: You regenerate health from kills. [demonic ancestry]
  1346 | D:1      | Reached XP level 3. HP: 25/26 MP: 3/6
  1479 | D:1      | Learned a level 3 spell: Spider Form
  1676 | D:2      | Reached XP level 4. HP: 28/32 MP: 7/7
  2100 | D:3      | Found a white marble altar of Elyvilon.
  2208 | D:3      | Reached skill level 1 in Shields
  2434 | D:3      | Gained mutation: When hurt, damage is shared between your health and your magic reserves. [demonic ancestry]
  2434 | D:3      | Reached XP level 5. HP: 37/38 MP: 8/8
  2938 | D:4      | Found a shadowy altar of Dithmenos.
  2963 | D:4      | Noticed an ogre
  2971 | D:4      | Slain by an ogre

Vault maps used:
D:1:      ldierk_walled_garden, columned_hall_lemuel
D:3:      grunt_decor_fettered, elyvilon_altar_1
D:4:      minitemple, temple_pool_b, nicolae_dithmenos_the_darkroom

Skill      XL: |  1  2  3  4 |
---------------+-------------+-----
Transmutations | 2 3 |  3.1
Unarmed Combat | 3 |  3.8
Shields        | 1 |  1.3
Fighting       | 2 |  2.1
Dodging        | |  1.7
Spellcasting   | |  2.6

Action                   |  1- 3 |  4- 6 || total
-------------------------+-------+-------++-------
Melee: Unarmed           |    71 |       ||    71
       Headbutt          |     3 |     2 ||     5
       Kick              |     6 |       ||     6
       Hand axe          |    32 |    91 ||   123
 Cast: Beastly Appendage |     9 |     3 ||    12
       Sticks to Snakes  |     3 |     1 ||     4
  Use: Scroll            |     2 |     9 ||    11
  Eat: Chunk             |     3 |     4 ||     7
Armor: Robe              |    19 |    13 ||    32
       Leather armour    |       |     9 ||     9
Dodge: Dodged            |    60 |    55 ||   115
Block: Buckler           |    13 |    18 ||    31

Table legend:
 A = Spawn XP
 B = Non-spawn XP
 C = Spawn XP percentage of total XP
 D = Spawn monster count
 E = Non-spawn monster count
 F = Spawn count percentage of total count
 G = Total turns spent on level
                    A         B        C        D         E        F      G
               +---------+---------+-------+---------+---------+-------+---------
         Total |       0 |     280 |   0.0 |       0 |      74 |   0.0 |  2971
               +---------+---------+-------+---------+---------+-------+---------
           D:1 |       0 |      42 |   0.0 |       0 |      22 |   0.0 |  1532
           D:2 |       0 |     106 |   0.0 |       0 |      30 |   0.0 |   469
           D:3 |       0 |      73 |   0.0 |       0 |      14 |   0.0 |   867
           D:4 |       0 |      59 |   0.0 |       0 |       8 |   0.0 |   103
               +---------+---------+-------+---------+---------+-------+---------
